 Dungeon Crawl Stone Soup version 0.21.0-3-g78d12a8 (webtiles) character file.

224 tilp the Conjurer (level 5, -2/38 HPs)
             Began as a Draconian Conjurer on Jan 17, 2018.
             Slain by a killer bee (6 damage)
             ... on level 4 of the Dungeon.
             The game lasted 00:07:37 (3373 turns).

tilp the Conjurer (Draconian Conjurer)              Turns: 3373, Time: 00:07:38

Health: -2/38      AC:  6    Str: 11    XL:     5   Next: 67%
Magic:  7/8        EV: 12    Int: 16    God:
Gold:   128        SH:  0    Dex: 11    Spells: 5/8 levels left

rFire    . . .     SeeInvis .   b - +0 hunting sling
rCold    . . .     Gourm    .   (no shield)
rNeg     . . .     Faith    .   (armour unavailable)
rPois    .         Spirit   .   (helmet restricted)
rElec    .         Reflect  .   (no cloak)
rCorr    .         Harm     .   t - +0 pair of gloves
MR       .....                  (no boots)
Stlth    +.........             (no amulet)
HPRegen  0.12/turn              (no ring)
MPRegen  0.11/turn              (no ring)

@: confused, lethally poisoned (-2 -> -7)
A: unfitting armour, cold-blooded, AC +5
a: no special abilities


You were on level 4 of the Dungeon.
You were not hungry.

You visited 1 branch of the dungeon, and saw 4 of its levels.

You collected 128 gold pieces.

Inventory:

Hand Weapons
 a - a +0 dagger
 b - a +0 hunting sling (weapon)
Missiles
 h - 14 bolts
 k - 101 stones (quivered)
Armour
 t - a +0 pair of gloves (worn)
Jewellery
 f - an uncursed ring of stealth {unknown}
Scrolls
 c - 2 scrolls of identify {unknown}
 d - 2 scrolls of enchant weapon {unknown}
 j - a scroll of amnesia {unknown}
 l - a scroll of fog {unknown}
 n - a scroll of noise {unknown}
 o - 2 scrolls of remove curse {unknown}
 r - 3 scrolls of teleportation {unknown}
Potions
 g - 2 potions of ambrosia
 i - 2 potions of heal wounds
 m - a potion of degeneration {unknown}
 q - a potion of flight {unknown}
Books
 e - a book of Conjurations

   Spells                             Type                      Level
   a - Magic Dart                     Conjuration                  1
   b - Searing Ray                    Conjuration                  2
   c - Dazzling Spray                 Conjuration/Hexes            3
   d - Fulminant Prism                Conjuration/Hexes            4
   e - Force Lance                    Conjuration/Translocation    4
   f - Iskenderun's Mystic Blast      Conjuration                  4
Comestibles
 p - 5 rations
 s - a chunk of flesh


   Skills:
 - Level 1.7 Dodging
 - Level 1.7 Stealth
 - Level 2.0 Spellcasting
 + Level 7.0 Conjurations


You had 5 spell levels left.
You knew the following spells:

 Your Spells              Type           Power        Failure   Level  Hunger
a - Magic Dart            Conj           ###.         1%          1    #......
b - Searing Ray           Conj           ###...       1%          2    ###....


Dungeon Overview and Level Annotations

Branches:
Dungeon (4/15)
 Temple: D:4-7

Altars:
Elyvilon

Annotations:
D:2 1 runed door


Innate Abilities, Weirdness & Mutations

Your plain brown scales are hard. (AC +5)
You cannot fit into any form of body armour.
You are cold-blooded and may be slowed by cold attacks.


Message History

You feel sick.
You feel sick.
You feel sick.
There is an escape hatch in the ceiling here.
You feel sick.
A killer bee comes into view.
You feel sick.
The killer bee buzzes angrily.
The killer bee stings you!
* * * LOW HITPOINT WARNING * * *
The killer bee barely misses you.
* * * LOW HITPOINT WARNING * * *
You feel sick. The killer bee completely misses you.
* * * LOW HITPOINT WARNING * * *
You feel sick. The killer bee stings you.
* * * LOW HITPOINT WARNING * * *
It was a potion of ambrosia.
You are confused.
You feel invigorated. The killer bee stings you.
You die...

..... #####.# ......
..(#.#
......#######.#.#####.
..........#.#.........
#........#...#.######
.......#...#.#.#
#....#.#.#.#y#
#....y...#.#.#
#...@#.#.#.#y#
#..#<..#<..#.. #<
##..####### # #.....
..##### .### .


You could see a killer bee.

Vanquished Creatures
  2 killer bees (D:4)
  An orc wizard (D:3)
  3 adders
  An ooze (D:3)
  A worm (D:2)
  2 dart slugs (D:2)
  2 leopard geckos (D:2)
  7 orcs (D:3)
  A giant cockroach (D:2)
  9 goblins
  5 hobgoblins
  3 jackals (D:3)
  7 kobolds
  5 bats
  8 frilled lizards
  10 rats
67 creatures vanquished.

Vanquished Creatures (others)
  A hobgoblin (D:2)
1 creature vanquished.

Grand Total: 68 creatures vanquished

Notes
Turn   | Place    | Note
-------+----------+-------------------------------------------
     0 | D:1      | tilp the Draconian Conjurer began the quest for the Orb.
     0 | D:1      | Reached XP level 1. HP: 14/14 MP: 3/3
   473 | D:1      | Reached XP level 2. HP: 18/20 MP: 5/5
   477 | D:1      | Learned a level 2 spell: Searing Ray
   842 | D:1      | You fall through a shaft!
  1200 | D:2      | Reached skill level 5 in Conjurations
  1200 | D:2      | Reached XP level 3. HP: 26/26 MP: 2/6
  1481 | D:2      | Found a white marble altar of Elyvilon.
  2014 | D:2      | Found a runed door.
  2366 | D:3      | Reached XP level 4. HP: 33/33 MP: 7/7
  2928 | D:3      | Reached skill level 6 in Conjurations
  3041 | D:3      | Reached XP level 5. HP: 38/38 MP: 0/8
  3364 | D:4      | Reached skill level 7 in Conjurations
  3372 | D:4      | HP: 1/38 [killer bee (1)]
  3373 | D:4      | Slain by a killer bee

Skill      XL: |  1  2  3  4  5 |
---------------+----------------+-----
Conjurations   | 5 6 7 |  7.0
Dodging        | |  1.7
Stealth        | |  1.7
Spellcasting   | |  2.0

Action                   |  1- 3 |  4- 6 || total
-------------------------+-------+-------++-------
Melee: Dagger            |    85 |    14 ||    99
       Tailslap          |     4 |     4 ||     8
 Fire: Hunting sling     |    11 |    55 ||    66
 Cast: Magic Dart        |    21 |     3 ||    24
       Searing Ray       |     4 |     6 ||    10
  Use: Potion            |       |     2 ||     2
 Stab: Sleeping          |     4 |       ||     4
  Eat: Chunk             |     4 |     5 ||     9
Armor: Skin              |    18 |     5 ||    23
Dodge: Dodged            |    45 |    43 ||    88
